Unix NetHack Version 3.7.0-97 Work-in-progress - last build Feb 8 2024 15:05:57 (6d6cdf8371b60126770a3d7b88910941cb14a054,branch:master). Game began 2024-01-24 22:10:56, ended 2024-03-19 16:42:04. n00b, chaotic male human Wizard * $ $ $ ---------- * ----- |.....(..| |...| ####-..)@....| * * |...-######-.-------- ----- $ |...| ## .<^%. $ ---|-### $ |...... $ ###### #-...... #### # #---- # # #### $ ### ### $ ---|-# ## ## # $ |...|# $ # ### $ # |...-# # ## ## ....| $ ## ### # # |...| #------ ------.-.---- # |...| #|.}.}.}.| |......%.{..... # |...| $ #...}.}.}| |..............|# ----- |.}.}.}.| |........%^..%..# $ % ---------------- $ $ N00b the Enchanter St:15 Dx:18 Co:18 In:18 Wi:18 Ch:15 Chaotic S:385002 Dlvl:25 $:165 HP:121(123) Pw:142(143) AC:-17 Xp:15/209987 T:29787 Latest messages: You have trouble lifting a gnome lady corpse. Continue? [ynq] (q) y You have trouble lifting d - a gnome lady corpse. You rebalance your load. Movement is difficult. There is an altar to Anhur (chaotic) here. You see here a wand of speed monster. What do you want to sacrifice? [d or ?*] d Your sacrifice is consumed in a burst of flame! Your movements are now unencumbered. f - a wand of speed monster. You see here an aklys. An owlbear suddenly appears next to you! You see here an aklys. The magic-absorbing blade probes the owlbear! You hit the owlbear! The owlbear hits! The owlbear misses! You kill the owlbear! There is an altar to Anhur (chaotic) here. You see here an owlbear corpse. There is an owlbear corpse here; sacrifice it? [ynq] (n) y Your sacrifice is consumed in a burst of flame! Restoring save file... Hello n00b, the human Wizard, welcome back to NetHack! Unix NetHack Version 3.7.0-97 Work-in-progress - last build Feb 8 2024 15:05:57 (6d6cdf8371b60126770a3d7b88910941cb14a054,branch:master). Really quit? [yn] (n) y Do you want your possessions identified? [ynq] (y) q Inventory: Coins $ - 165 gold pieces Amulets B - an uncursed amulet of reflection (being worn) X - the blessed Eye of the Aethiopica Weapons G - the blessed rustproof +6 Magicbane (weapon in right hand) Armor L - a blessed +0 elven leather helm (being worn) i - a blessed fireproof +5 pair of leather gloves (being worn) q - an uncursed fireproof +0 pair of water walking boots (being worn) Q - an uncursed fireproof +1 cloak of magic resistance (being worn) y - a blessed +1 Hawaiian shirt with a giant eel motif (being worn) r - a blessed +1 blue dragon scale mail (being worn) Rings n - an uncursed ring of free action (on left hand) A - a blessed ring of protection from shape changers (on right hand) Wands c - a wand of digging (0:7) U - a wand of digging (1:4) w - a wand of digging (0:3) f - a wand of speed monster (0:6) M - a wand of teleportation (1:4) Tools b - a blessed greased bag of holding containing 80 items Z - an uncursed oilskin sack named XXX containing 1 item z - an uncursed tooled horn Y - the Bell of Opening (0:3) H - an uncursed blindfold l - an expensive camera (0:60) C - a magic marker (1:50) e - an uncursed oil lamp k - an uncursed skeleton key s - an uncursed stethoscope P - an uncursed wet towel h - a blessed +0 unicorn horn Gems/Stones S - an uncursed luckstone Contents of the bag of holding: 8495 gold pieces an uncursed amulet of magical breathing a +1 elven dagger named +1 an uncursed +0 pair of gauntlets of dexterity an uncursed +0 pair of water walking boots a blessed fireproof +5 small shield an uncursed +0 cloak of magic resistance an uncursed +1 cloak of protection a blessed +1 Hawaiian shirt with a sailboat motif 5 uncursed slime molds 2 uncursed cram rations 14 uncursed food rations 5 blessed scrolls of blank paper 12 uncursed scrolls of blank paper 5 cursed scrolls of blank paper an uncursed scroll of charging 2 uncursed scrolls of earth a blessed scroll of enchant weapon 3 uncursed scrolls of enchant weapon a blessed scroll of remove curse 2 uncursed scrolls of remove curse an uncursed scroll of stinking cloud a blessed scroll of taming an uncursed scroll of taming 9 cursed scrolls of teleportation 2 uncursed potions of full healing a cursed potion of invisibility 2 uncursed potions of oil 7 potions of holy water 5 uncursed potions of water 4 potions of unholy water an uncursed ring of conflict an uncursed ring of free action an uncursed ring of levitation an uncursed ring of polymorph an uncursed ring of polymorph control an uncursed ring of regeneration an uncursed ring of shock resistance a blessed ring of slow digestion an uncursed ring of slow digestion an uncursed ring of stealth an uncursed ring of sustain ability an uncursed ring of teleport control a wand of cold (0:6) a wand of cold (4:5) a wand of death (0:4) a wand of digging (0:7) a wand of enlightenment (0:9) a wand of fire (0:7) a blessed greased wand of polymorph (0:0) a wand of polymorph (0:1) a wand of probing (0:8) a wand of probing (0:5) a wand of probing (1:4) a wand of secret door detection (0:10) a blessed wand of sleep (0:8) a wand of sleep (0:7) a wand of speed monster (0:4) a wand of striking (0:4) a wand of striking (0:1) a wand of teleportation (0:0) a wand of teleportation named out (0:0) a blessed wand of undead turning (0:4) a wand of wishing (1:3) a can of grease (0:16) an uncursed magic whistle an uncursed oil lamp a rustproof +0 pick-axe a blessed tinning kit (0:82) 8 uncursed wax candles 2 uncursed amber stones 4 uncursed amethyst stones an uncursed citrine stone an uncursed diamond an uncursed emerald an uncursed fluorite stone an uncursed garnet stone 3 uncursed opals 2 uncursed rubies an uncursed turquoise stone Contents of the oilskin sack named XXX: a wand of cancellation (1:11) N00b the Wizard's attributes: Background: You were an Enchanter, a level 15 male human Wizard. You were chaotic, on a mission for Anhur who was opposed by Ptah (lawful) and Thoth (neutral). You were right-handed. You were in the Dungeons of Doom, on level 25. You entered the dungeon 29787 turns ago. You had 209987 experience points, 110013 more were needed to attain level 16. Your score was 385002 before end-of-game adjustments. Basics: You had 121 out of 123 hit points. You had 142 out of 143 energy points (spell power). Your armor class was -17. Your wallet contained 165 zorkmids, and you had 8495 more stashed away in your pack. Autopickup was off. Final Characteristics: Your strength was 15 (limit:18/100). Your dexterity was 18 (limit:18). Your constitution was 18 (limit:18). Your intelligence was 18 (limit:18). Your wisdom was 18 (limit:18). Your charisma was 15 (limit:18). Final Status: You weren't hungry. You were unencumbered. You were wielding a dagger. You were skilled in dagger and could have enhanced that. Final Attributes: You were the Glory of Arioch. You were piously aligned. You were magic-protected. You were fire resistant. You were cold resistant. You were sleep resistant. You were disintegration resistant. You were shock resistant. Your items were protected from electric shocks. You were poison resistant. You saw invisible. You were telepathic. You were warned. You could teleport. You had teleport control. You could walk on water. You had a moderate defense bonus (+6). You were warded. You took half spell damage. You were protected from shape changers. You were very fast. You had reflection. You had free action. You were extremely lucky. You had extra luck. Bad luck did not time out for you. Good luck did not time out for you. You survived. Miscellaneous: You encountered 1 bones level. Total elapsed playing time was 13 hours, 19 minutes and 57 seconds. Major events: Turn 1: n00b the chaotic male human Wizard entered the dungeon 750: attained the rank of Conjurer (level 3) 2489: entered the Gnomish Mines 2807: attained the rank of Thaumaturge (level 6) 2889: reached Mine Town 4231: destroyed elenmirie's ghost, the former Bachelor 4407: entered Sokoban 4773: completed 1st Sokoban level 5382: completed 2nd Sokoban level 6067: completed 3rd Sokoban level 7369: acquired the Mines' End luckstone 8506: attained the rank of Magician (level 10) 17347: completed 4th Sokoban level 17691: acquired the Sokoban bag of holding 18266: was bestowed with Magicbane by Anhur 19844: entered Gehennom 19998: killed Medusa 21123: made his first wish - "marker", got "a magic marker" 21213: wished for "blessed greased fixed wand of polymorph", got "a greased wand of polymorph" 21911: was chosen to take lives for the Glory of Anhur 21911: was bestowed with spellbook of finger of death 22833: read a Discworld novel 23235: attained the rank of Enchanter (level 14) 23710: killed the Dark One 23710: found the Eye of the Aethiopica carried by a monster 23711: acquired the Bell of Opening 28759: bribed Asmodeus with 4 zorkmids for safe passage 29787: quit Vanquished creatures: a mastodon Medusa 3 iron golems a glass golem a gray dragon a silver dragon a black dragon 7 blue dragons a minotaur a jabberwock the Dark One a baluchitherium 2 demiliches 2 Olog-hai a Nazgul a hell hound a trapper a baby gold dragon a baby green dragon 7 vampire leaders a captain 5 liches 4 water trolls 2 nurses an ice devil a frost giant an ettin a golden naga 8 black puddings 13 vampires 6 lieutenants 26 ghosts 2 winged gargoyles a mind flayer 4 giant mimics 2 long worms a fire giant an ogre tyrant a rock troll 2 umber hulks a doppelganger a hezrou 3 bone devils 3 large mimics 2 wumpuses 4 stalkers 2 air elementals 2 fire elementals 2 water elementals a hill giant 2 black nagas 8 xorns 8 giant zombies 6 sergeants a water demon 5 wargs a winter wolf 4 hell hound pups 11 small mimics a glass piercer 2 warhorses a steam vortex 3 xans 4 ettin mummies 2 ogre leaders 4 quantum mechanics 4 trolls a sasquatch 2 mariliths 4 sharks 2 gelatinous cubes a freezing sphere a flaming sphere 3 shocking spheres 3 tigers 2 dwarf rulers 10 tengu 2 leocrottas an energy vortex a stone giant 2 human mummies a red naga 23 wraiths 7 ettin zombies 2 leather golems a Grey-elf 45 soldiers an amorous demon 4 chameleons 3 crocodiles 10 giant beetles 2 quivering blobs 5 cockatrices 2 wolves 3 lynxes 2 panthers a gremlin 4 leprechauns 2 iron piercers 2 mumakil 12 giant spiders a scorpion 2 ice vortices 3 black lights 27 vampire bats 3 gnome rulers 5 orc mummies 3 dwarf mummies 2 ogres 2 brown puddings 4 rust monsters 2 owlbears 3 yetis 5 gold golems 3 werewolves 2 Green-elves 10 giant eels 6 lizards 3 chickatrices a housecat 3 jaguars 2 dwarf leaders a blue jelly 3 white unicorns 2 gray unicorns a black unicorn 2 dust vortices 14 ravens 2 plains centaurs 5 gnome mummies a snake 5 apes 7 human zombies 2 Woodland-elves 8 soldier ants a fire ant 6 imps a lemure 4 quasits a wood nymph 3 water nymphs 2 mountain nymphs 11 Mordor orcs 17 Uruk-hai 3 orc shamans 6 rock piercers 6 rock moles 2 ponies 2 fog clouds 5 yellow lights 3 shriekers a violet fungus 13 gnome leaders 3 gnomish wizards 5 kobold mummies a red naga hatchling a guardian naga hatchling 3 gray oozes 3 barrow wights 12 elf zombies 10 ghouls a paper golem 3 jellyfish a baby crocodile 8 giant ants 14 floating eyes 2 kittens 17 dwarves 4 homunculi a kobold leader 2 kobold shamans 27 hill orcs 7 rothes 4 rabid rats 3 centipedes 12 giant bats 2 monkeys 4 orc zombies 16 dwarf zombies 5 wererats 2 werejackals 9 iguanas a killer bee 2 acid blobs 2 coyotes 2 gas spores 5 hobbits 9 manes 6 hobgoblins 8 giant rats 12 cave spiders a brown mold 4 yellow molds 2 green molds a red mold 54 gnomes 6 garter snakes 7 gnome zombies 6 geckos 13 jackals a fox 2 kobolds 3 goblins a sewer rat 15 grid bugs 10 bats 7 lichens 6 kobold zombies 8 newts 982 creatures vanquished. No species were genocided or became extinct. Voluntary challenges: You read items or engraved 101 times. You never engraved Elbereth. You never genocided any monsters. You used 2 wishes. You did not wish for any artifacts. You did not violate any of the special Sokoban rules. Achievements: You attained the rank of Conjurer. You entered a shop. You entered the Gnomish Mines. You attained the rank of Thaumaturge. You entered Minetown. You entered a temple. You entered Sokoban. You completed the Gnomish Mines. You attained the rank of Magician. You completed Sokoban. You entered Gehennom. You defeated Medusa. You learned the tune to open and close the Castle's drawbridge. You read from a Discworld novel. You attained the rank of Enchanter. You had the Bell of Opening. The Dungeons of Doom: levels 1 to 28 Level 1: "ice box" Level 2: Level 3: A fountain. Stairs down to The Gnomish Mines. Level 4: Level 5: "black uni" A fountain. Level 6: Many fountains. Oracle of Delphi. Final resting place for elenmirie-Kni-Hum-Fem-Law, killed by an ape. Level 7: Stairs up to Sokoban, level 6. Level 8: Level 9: An altar to Anhur, a sink, a grave. Level 10: Level 11: An altar to Anhur. Level 12: A fountain. Summoned by Neferet the Green. Portal to The Quest. Level 13: A fountain. Level 14: A temple and an altar, some fountains. Level 15: A fountain. Level 16: A primitive area. Level 17: Level 18: Level 19: A fountain. Level 20: A fountain. Level 21: A fountain. Level 22: Level 23: Level 24: A fountain. Level 25: <- You were here. An altar to Anhur, a sink. Level 26: Level 27: Level 28: The castle (play notes "FFGFE" to open or close drawbridge). Connection to Gehennom. Gehennom: levels 29 to 33 Level 29: A temple and an altar, many graves. Valley of the Dead. Level 30: Level 31: "Asmo" Level 32: Level 33: The Gnomish Mines: levels 4 to 11 Level 4: Level 5: Level 6: A general store, a temple and an altar, a fountain. Level 7: Level 8: Level 9: Level 10: "Black uni!" Level 11: "^ Minesflayer! ^" The Quest: levels 1 to 6 Level 1: Given quest by Neferet the Green. Level 2: Level 3: Level 4: Level 5: Level 6: A temple and an altar to Anhur. Sokoban: levels 6 up to 3 Level 3: Solved. Level 4: Solved. Level 5: Solved. Level 6: Solved. Goodbye n00b the Wizard... You quit in The Dungeons of Doom on dungeon level 25 with 385002 points, and 8660 pieces of gold, after 29787 moves. You were level 15 with a maximum of 123 hit points when you quit.